 Dungeon Crawl Stone Soup version 0.17-a0-1575-g9a29ec8 (webtiles) character file.

22655 urechis the Basher (level 13, -16/145 (146) HPs)
             Began as an Ogre Gladiator on July 26, 2015.
             Was a High Priest of Okawaru.
             Killed from afar by a frost giant (21 damage)
             ... with a bolt of cold
             ... on level 13 of the Dungeon.
             The game lasted 00:49:35 (18325 turns).

urechis the Basher (Ogre Gladiator)                Turns: 18325, Time: 00:49:36

HP:   -16/145 (146) AC: 12    Str: 25    XL:     13   Next: 1%
MP:   12/13         EV: 14    Int:  7    God:    Okawaru [*****.]
Gold: 900           SH:  0    Dex: 14    Spells: 0 memorised, 12 levels left

rFire  . . .     SeeInvis +     O - +12 mace of the Scavenger {vamp, rC+ Str+2}
rCold  + . .     Clarity  .     n - +0 robe
rNeg   . . .     SustAt   .     (no shield)
rPois  .         Gourm    .     h - +0 hat {SInv}
rElec  .         Spirit   .     y - +0 cloak
rCorr  .         Warding  .     (gloves unavailable)
rMut   .         Stasis   .     (boots unavailable)
MR     +....                    (no amulet)
Stlth  ++........               Q - +3 ring of protection
                                g - +3 ring of protection

@: heroism, flying, somewhat resistant to hostile enchantments, unstealthy
A: unfitting armour, tough skin 1
a: Heroism, Finesse, Renounce Religion


You were on level 13 of the Dungeon.
You worshipped Okawaru.
Okawaru was extremely pleased with you.
You were hungry.

You visited 2 branches of the dungeon, and saw 14 of its levels.
You also visited: Ossuary.

You collected 900 gold pieces.

Inventory:

Hand weapons
 b - a cursed -2 giant spiked club
 O - the +12 mace of the Scavenger (weapon) {vamp, rC+ Str+2}
   (You found it on level 13 of the Dungeon)

   It inflicts no extra harm, but heals its wielder somewhat when it strikes a
   living foe.
   It affects your strength (+2).
   It protects you from cold.
Missiles
 e - 3 throwing nets (quivered)
 k - 9 steel javelins
 p - 2 javelins
 q - 13 tomahawks
 x - 7 tomahawks of dispersal
 E - 2 large rocks
 P - 7 tomahawks of returning
 V - 6 poisoned javelins
 W - 3 steel tomahawks
 Y - 3 javelins of returning
Armour
 h - a +0 hat of see invisible (worn)
 n - a +0 robe (worn)
 y - a +0 cloak (worn)
 Z - a +2 large shield of positive energy
Jewellery
 g - a +3 ring of protection (left hand)
 Q - a +3 ring of protection (right hand)
Magical devices
 c - a wand of polymorph (18)
 j - a wand of random effects (26)
 u - a wand of disintegration (12)
 G - a wand of digging (6)
 J - a wand of lightning (6)
 S - a wand of slowing (7)
Scrolls
 m - 7 scrolls of teleportation
 r - 4 scrolls of remove curse
 s - 2 scrolls of fear
 v - a scroll of enchant weapon
 w - 4 scrolls of magic mapping
 C - 2 scrolls of fog
 H - a scroll of blinking
 K - 2 scrolls of recharging
 L - a scroll of immolation
 R - a scroll of enchant armour
 U - a scroll of identify
 X - 2 scrolls of acquirement
Potions
 d - 4 potions of agility {unknown}
 f - 3 potions of flight
 i - 5 potions of curing
 o - 2 potions of resistance {unknown}
 t - a potion of degeneration {unknown}
 z - a potion of heal wounds {unknown}
 A - a potion of brilliance {unknown}
 B - a potion of haste {unknown}
 M - a potion of berserk rage {unknown}
 N - a potion of cancellation {unknown}
 T - a potion of invisibility {unknown}
Comestibles
 l - 8 bread rations
 D - 4 meat rations
 F - 7 beef jerkies


   Skills:
 - Level 14.0(19.0) Fighting
 - Level 14.0(19.0) Maces & Flails
 - Level 10.0(15.0) Throwing
 * Level 10.2(15.2) Armour
 - Level 2.6(7.6) Dodging


You had 12 spell levels left.
You didn't know any spells.

Dungeon Overview and Level Annotations

Branches:
Dungeon (13/15)            Temple (1/1) D:5            Lair (0/8) D:10
    Orc (0/4) D:12
 Vaults: D:13-14

Altars:
Ashenzari
Cheibriados
Dithmenos
Elyvilon
Fedhas
Gozag
Kikubaaqudgha
Makhleb
Nemelex Xobeh
Okawaru
Qazlal
Ru
Sif Muna
Trog
Vehumet
Xom
Yredelemnul
Zin
The Shining One

Shops:
D:9 }   D:10 (

Annotations:
D:3 urechis's ghost, average OgGl
D:8 1 runed door


Innate Abilities, Weirdness & Mutations

You are too large for most types of armour.
You have tough skin (AC +1).


Message History

You barely miss the frost giant.
The frost giant is moderately wounded.
The frost giant hits you with a battleaxe of freezing!!
The frost giant freezes you.
You sock the frost giant!
The frost giant is moderately wounded.
Drink which item? (? for menu, Esc to quit)
Okay, then.
Drink which item? (? for menu, Esc to quit)
You feel very buoyant.
You fly up into the air.
The frost giant hits you with a battleaxe of freezing!!!
* * * LOW HITPOINT WARNING * * *
The frost giant freezes you.
* * * LOW HITPOINT WARNING * * *
The tengu reaver gestures wildly while chanting.
The tengu reaver conjures a globe of magical energy!
The frost giant points at you and mumbles some strange words.
The bolt of cold hits you! You resist.
You die...

##############
####............####
###..................###
##......................##
##..........≈..≈..........##
#........≈≈≈≈..≈≈≈≈........#
##.....)≈≈≈###..###≈≈≈.(....##
#....}.≈≈≈≈#..@...#≈≈≈≈......#
#.....≈≈≈≈≈#......#≈≈≈≈≈.....#
##....≈≈≈≈≈##......##≈≈≈≈≈....##
##....≈≈≈≈≈##....C...##≈≈≈≈≈....#
.#....≈≈####....##.Q..####≈≈....#
.#...÷≈≈# .....####......#≈≈≈...#
.#...≈≈≈#....## *##....#≈≈≈...#
.#..≈≈≈≈#...# T# #...#≈≈≈≈..#
.#..≈≈≈≈#... =c ...#≈≈≈≈..#


You could see a frost giant and a tengu reaver.

Vanquished Creatures
  A centaur warrior (D:13)
  The ghost of HEYYEYAAE the Carver, an experienced DrBe of Trog (D:10)
  A tengu warrior (D:13)
  Urug (D:11)
  2 unseen horrors
  Pikel (D:5)
  A hill giant (D:11)
  An ugly thing (D:12)
  A wolf spider zombie (D:13)
  2 centaur zombies
  Grinder (D:3)
  3 two-headed ogres
  A trapdoor spider zombie (D:9)
  A slime creature (D:13)
  A trapdoor spider (D:13)
  Sigmund (D:3)
  A wyvern (D:12)
  2 water elementals (D:13)
  A wraith (D:13)
  23 yaks
  A deep elf mage (D:11)
  Eustachio (D:5)
  Grum (D:11)
  6 hippogriffs
  A hungry ghost (D:8)
  2 wolves (D:11)
  3 wargs
  A mottled dragon (D:13)
  Edmund (D:5)
  2 water moccasins
  5 orc warriors
  2 phantoms
  7 sky beasts
  A black bear (D:8)
  3 ice beasts
  A wasp (D:13)
  8 ogres
  2 necrophages
  2 big kobolds
  6 centaurs
  2 elf zombies (Ossuary)
  13 giant frogs
  4 scorpions
  A wyvern zombie (D:9)
  A water moccasin skeleton (D:11)
  The ghost of Stick the Shield-Bearer, a weakling FoFi (D:4)
  10 wights
  4 electric eels (D:13)
  12 killer bees
  3 hounds
  10 crimson imps
  A human zombie (Ossuary)
  19 orc wizards
  3 giant frog skeletons
  13 orc priests
  6 iguanas
  3 jellies
  A gnoll shaman (D:8)
  4 centaur skeletons
  Terence (D:3)
  19 worker ants
  A big kobold zombie (Ossuary)
  A hound skeleton (D:9)
  2 mummies (Ossuary)
  13 adders
  13 gnolls
  A shadow imp (D:13)
  2 oozes
  2 adder skeletons
  2 adder zombies
  6 worms
  2 giant geckos
  56 orcs
  9 giant cockroaches
  11 goblins
  16 hobgoblins
  13 jackals
  26 kobolds
  5 quokkas
  14 bats
  A giant gecko skeleton (D:4)
  5 giant newts
  2 goblin zombies (Ossuary)
  6 hobgoblin zombies (Ossuary)
  3 jackal zombies (Ossuary)
  12 kobold zombies (Ossuary)
  9 orc zombies (Ossuary)
  A quokka skeleton (D:6)
  16 rats
  A bush (D:11)
  A butterfly (D:8)
486 creatures vanquished.

Vanquished Creatures (others)
  A plant (D:10)
1 creature vanquished.

Grand Total: 487 creatures vanquished

Notes
Turn   | Place    | Note
--------------------------------------------------------------
     0 | D:1      | urechis the Ogre Gladiator began the quest for the Orb.
     0 | D:1      | Reached XP level 1. HP: 22/22 MP: 1/1
   206 | D:1      | Reached XP level 2. HP: 31/31 MP: 2/2
   498 | D:1      | HP: 1/31 [jackal (1)]
   984 | D:2      | Found a sacrificial altar of Ru.
  1007 | D:2      | Reached skill level 5 in Maces & Flails
  1010 | D:2      | Reached XP level 3. HP: 15/37 MP: 3/3
  1407 | D:2      | Found a shadowy altar of Dithmenos.
  1622 | D:2      | Reached XP level 4. HP: 8/48 MP: 4/4
  1958 | D:3      | Reached skill level 6 in Maces & Flails
  2024 | D:3      | HP: 2/48 [orc/tomahawk (2)]
  2397 | D:3      | Noticed Terence
  2397 | D:3      | Noticed Grinder
  2521 | D:3      | Reached XP level 5. HP: 54/54 MP: 5/5
  2640 | D:3      | Killed Terence
  2682 | D:3      | Noticed a sky beast
  3020 | D:3      | Paralysed by Grinder for 4 turns
  3025 | D:3      | Killed Grinder
  3025 | D:3      | Reached skill level 5 in Fighting
  3025 | D:3      | Reached skill level 8 in Maces & Flails
  3025 | D:3      | Reached XP level 6. HP: 35/66 MP: 6/6
  3314 | D:3      | Noticed urechis's ghost (average OgGl)
  3660 | D:3      | Noticed Sigmund
  3684 | D:3      | Killed Sigmund
  3684 | D:3      | Reached skill level 9 in Maces & Flails
  3684 | D:3      | Reached XP level 7. HP: 22/74 MP: 7/7
  4006 | D:3      | HP: 3/74 [urechis's ghost (6)]
  4773 | D:3      | Killed a sky beast
  5334 | D:4      | Reached skill level 10 in Maces & Flails
  5534 | D:4      | Reached XP level 8. HP: 77/84 MP: 8/8
  5551 | D:4      | Noticed Stick's ghost (weakling FoFi)
  5560 | D:4      | Killed Stick's ghost
  5647 | D:4      | Found a sand-covered staircase.
  5691 | Ossuary  | Entered an ossuary
  5929 | Ossuary  | Reached skill level 11 in Maces & Flails
  7161 | D:5      | Entered Level 5 of the Dungeon
  7270 | D:5      | Found a white marble altar of Elyvilon.
  7407 | D:5      | Found a staircase to the Ecumenical Temple.
  7446 | Temple   | Entered the Ecumenical Temple
  7956 | Temple   | Became a worshipper of Warmaster Okawaru
  7996 | D:5      | Reached skill level 12 in Maces & Flails
  8157 | D:5      | Noticed Eustachio
  8205 | D:5      | Killed Eustachio
  8205 | D:5      | Reached XP level 9. HP: 62/97 MP: 9/9
  8299 | D:5      | Acquired Okawaru's first power
  8349 | D:5      | Noticed Pikel
  8371 | D:5      | Killed Pikel
  8371 | D:5      | Reached skill level 13 in Maces & Flails
  8384 | D:5      | Noticed Edmund
  8457 | D:5      | Killed Edmund
  9155 | D:6      | Reached skill level 10 in Fighting
  9155 | D:6      | Reached skill level 14 in Maces & Flails
  9435 | D:6      | Reached XP level 10. HP: 100/110 MP: 10/10
  9450 | D:6      | Reached skill level 5 in Throwing
  9462 | D:6      | Received a gift from Okawaru
 10779 | D:7      | Found a shimmering altar of Xom.
 11178 | D:7      | Received a gift from Okawaru
 11670 | D:8      | Reached XP level 11. HP: 101/122 MP: 11/11
 11745 | D:8      | Found a runed door.
 11777 | D:8      | Found a runed door.
 11873 | D:8      | Got a crystal whip
 11874 | D:8      | Identified the +7 whip "Lidiany" {slash, +Inv rF+} (You found it on level 8 of the Dungeon)
 12439 | D:9      | Received a gift from Okawaru
 12762 | D:9      | Acquired Okawaru's second power
 13002 | D:9      | Reached skill level 10 in Throwing
 13025 | D:9      | Found a glowing golden altar of the Shining One.
 13026 | D:9      | Found a sparkling altar of Nemelex Xobeh.
 13128 | D:9      | Found Atod's Gadget Shoppe.
 13176 | D:10     | Entered Level 10 of the Dungeon
 13189 | D:10     | Found Juburew's Weapon Boutique.
 13289 | D:10     | Reached skill level 1 in Armour
 13310 | D:10     | Received a gift from Okawaru
 13425 | D:10     | Found a staircase to the Lair.
 13427 | D:10     | Noticed HEYYEYAAE's ghost (experienced DrBe)
 13832 | D:10     | Killed HEYYEYAAE's ghost
 13943 | D:10     | Received a gift from Okawaru
 14051 | D:10     | Noticed an unseen horror
 14056 | D:10     | Killed an unseen horror
 14337 | D:11     | Found a blossoming altar of Fedhas.
 14494 | D:11     | Noticed Grum
 14512 | D:11     | Received a gift from Okawaru
 14528 | D:11     | Killed Grum
 14819 | D:11     | Noticed Urug
 14823 | D:11     | Killed Urug
 14898 | D:11     | Reached skill level 5 in Armour
 14945 | D:11     | Noticed a hill giant
 14958 | D:11     | Killed a hill giant
 15291 | D:11     | Identified 2 scrolls of acquirement
 15316 | D:11     | Reached XP level 12. HP: 121/138 MP: 12/12
 15939 | D:12     | Found a staircase to the Orcish Mines.
 16063 | D:12     | Received a gift from Okawaru
 16555 | D:12     | Received a gift from Okawaru
 17151 | D:13     | Received a gift from Okawaru
 17166 | D:13     | Noticed a centaur warrior
 17169 | D:13     | Killed a centaur warrior
 17214 | D:13     | Noticed a tengu warrior
 17227 | D:13     | Killed a tengu warrior
 17255 | D:13     | Got a warped mace
 17269 | D:13     | Identified the +12 mace of the Scavenger {vamp, rC+ Str+2} (You found it on level 13 of the Dungeon)
 17663 | D:13     | Reached skill level 10 in Armour
 18019 | D:13     | Reached XP level 13. HP: 116/145 MP: 13/13
 18308 | D:13     | Noticed a frost giant
 18308 | D:13     | Noticed a deep troll earth mage
 18311 | D:13     | Noticed a yaktaur captain
 18312 | D:13     | Noticed a tengu reaver
 18321 | D:13     | HP: 7/145 [frost giant/battleaxe of freezing (37)]
 18321 | D:13     | HP: 3/145 [frost giant/battleaxe of freezing (4)]
 18325 | D:13     | Killed from afar by a frost giant

Vault maps used:
D:1:      dpeg_arrival_pond
D:2:      grunt_dithmenos_smoke_and_mirrors, nicolae_ru_awakened_eye,
          eino_tiny_chamber
D:3:      uniq_terence, uniq_sigmund, uniq_grinder
D:4:      lightli_ossuary_entry_decrepit_ruins, first_bread
D:5:      kennysheep_little_box, minmay_temple_entry_glassed_door,
          grunt_ministairs_3, uniq_edmund, uniq_pikel, uniq_eustachio
D:7:      grunt_ogre_cave, tgw_xom
D:8:      lemuel_insect_pit, minivault_23
D:9:      gammafunk_temple_overflow_statue, serial_shops, kennysheep_mini_moat
D:10:     erik_lair_orcish_takeover, serial_shops, shop
D:11:     fedhas_bush_and_centaur_altar, uniq_urug, uniq_grum
D:12:     orc_0_dummy
D:13:     cross_vault, serial_shops, shop_statue, shop, shop,
          nicolae_shop_waterfront, shop
Temple:   chambers_temple_14
Ossuary:  ossuary_tomb_1

Action                   |  1- 3 |  4- 6 |  7- 9 | 10-12 | 13-15 || total
-------------------------+-------+-------+-------+-------+-------++-------
Melee: Flail             |   140 |   119 |   458 |   410 |       ||  1127
       Whip              |       |       |       |   296 |       ||   296
       Mace              |       |       |       |    63 |    13 ||    76
 Fire: Blowgun           |       |       |     7 |       |       ||     7
Throw: Throwing net      |       |     3 |     4 |     5 |     1 ||    13
       Javelin           |       |       |       |   215 |       ||   215
       Tomahawk          |       |       |       |    45 |     2 ||    47
       Large rock        |       |       |       |    10 |     1 ||    11
Invok: Heroism           |       |       |       |       |     1 ||     1
  Use: Potion            |     1 |       |     3 |     1 |     1 ||     6
       Scroll            |       |       |     5 |    13 |       ||    18
 Stab: Distracted        |       |       |     2 |       |       ||     2
       Sleeping          |       |       |       |     1 |       ||     1
  Eat: Bread ration      |     1 |     1 |     2 |       |       ||     4
       Chunk             |       |     1 |     7 |    26 |     2 ||    36
       Beef jerky        |       |       |     1 |     2 |       ||     3
       Royal jelly       |       |       |       |     1 |       ||     1
